 Dungeon Crawl Stone Soup version 0.31.0-2-g5a2aebc5c2 (webtiles) character file.

Game seed: 15912241837209394667

1019 Cheops the Spear-Bearer (level 8, -6/58 HPs)
             Began as a Formicid Fighter on Jan 20, 2024.
             Was a Follower of Qazlal.
             Mangled by a wight
             ... wielding a +0 war axe
              (14 damage)
             ... on level 6 of the Dungeon.
             The game lasted 00:18:28 (5284 turns).

Cheops the Spear-Bearer (Formicid Fighter)          Turns: 5284, Time: 00:18:29

Health: -6/58      AC:  6    Str: 23    XL:     8   Next: 46%
Magic:  8/8        EV:  8    Int:  8    God:    Qazlal [*.....]
Gold:   377        SH: 13    Dex: 19    Spells: 7/7 levels left

rFire   . . .        a - +0 trident
rCold   . . .        s - +1 kite shield
rNeg    . . .        y - +0 scale mail
rPois   .            (helmet unavailable)
rElec   .            (no cloak)
rCorr   .            (no gloves)
SInv    +            (no boots)
Will    .....        u - amulet of regeneration Stlth
                     l - +6 ring of dexterity
HPRegen 0.29/turn    (no ring)
MPRegen 0.11/turn

%: no passive effects
@: no status effects
A: permanent stasis, dig shafts and tunnels, antennae 3, four strong arms
a: Dig, Shaft Self, Renounce Religion


You were on level 6 of the Dungeon.
You worshipped Qazlal.
Qazlal was aware of your devotion.
You visited 2 branches of the dungeon, and saw 7 of its levels.

You collected 377 gold pieces.

Inventory:

Hand Weapons
 a - a +0 trident (weapon)
 b - a +4 spear
 i - a +4 hand axe of freezing
Armour
 c - a +0 buckler
 s - a +1 kite shield (worn)
 y - a +0 scale mail (worn)
Jewellery
 k - an amulet of the acrobat
 l - a +6 ring of dexterity (left hand)
 m - a ring of flight
 u - an amulet of regeneration (around neck)
 v - a ring of magical power
Wands
 r - a wand of polymorph (14)
Scrolls
 f - a scroll of vulnerability
 j - 2 scrolls of poison
 n - 2 scrolls of revelation {unknown}
 t - a scroll of fear {unknown}
 x - a scroll of teleportation {unknown}
Potions
 d - a potion of might
 e - 3 potions of degeneration {unknown}
 g - 2 potions of brilliance {unknown}
 h - 2 potions of lignification {unknown}
 o - 5 potions of curing {unknown}
 q - a potion of heal wounds {unknown}
 w - 3 potions of haste {unknown}


   Skills:
 - Level 3.2 Fighting
 + Level 9.5 Polearms
 - Level 3.2 Armour
 - Level 4.0 Shields


You had 7 spell levels left.
You didn't know any spells.
Your spell library contained the following spells:

 Spells                   Type           Power      Damage    Failure   Level
 Apportation              Tloc           0%         N/A       93%         1
 Foxfire                  Conj/Fire      0%         2x1d4     93%         1
 Slow                     Hex            0%         N/A       93%         1
 Call Imp                 Summ           0%         N/A       98%         2
 Ensorcelled Hibernation  Hex/Ice        0%         N/A       98%         2
 Jinxbite                 Hex            0%         N/A       98%         2
 Sublimation of Blood     Necr           0%         N/A       98%         2
 Passwall                 Erth           0%         N/A       100%        3
 Alistair's Intoxication  Alch           0%         N/A       100%        5
 Summon Mana Viper        Hex/Summ       0%         N/A       100%        5
 Plasma Beam              Fire/Air       0%         2x1d10    100%        6
 Starburst                Conj/Fire      0%         6d3       100%        6
 Haunt                    Necr/Summ      0%         N/A       100%        7
 Summon Hydra             Summ           0%         N/A       100%        7
 Borgnjor's Revivificati  Necr           0%         N/A       100%        8
 Death's Door             Necr           0%         N/A       100%        9
 Dragon's Call            Summ           0%         N/A       100%        9
 Swiftness                Air            Unusable   N/A       N/A         3

Dungeon Overview and Level Annotations

Branches:
Dungeon (6/15)             Temple (1/1) D:4

Altars:
Cheibriados
Dithmenos
Elyvilon
Gozag
Makhleb
Nemelex Xobeh
Qazlal
Ru
Trog
Uskayaw
Vehumet
Wu Jian
Yredelemnul
Zin
The Shining One


Innate Abilities, Weirdness & Mutations

You cannot be hasted, slowed, berserked, paralysed or teleported.
You can dig through walls and to a lower floor.
You have a pair of large antennae on your head. (SInv)
Your four strong arms can wield two-handed weapons with a shield.


Message History

You barely miss the wight.
The wight is almost destroyed.
You block the wight's attack.
You hit the wight but do no damage.
The wight is almost destroyed.
You block the wight's attack.
You hit the wight.
You destroy the wight!
Qazlal accepts your kill.
Okay, then.
Okay, then.
You swing at nothing.
You are no longer corroded.
You swing at nothing.
A wight comes into view. It is wielding a +0 flail.
You swing at nothing.
You swing at nothing.
You swing at nothing.
You puncture the wight!
The wight is heavily damaged.
The wight closely misses you. The wight hits you with a +0 flail.
* * * LOW HITPOINT WARNING * * *
You hit the wight.
The wight is almost destroyed.
You hear the slow hiss of an avalanche of sand very nearby.
You hit the wight.
You destroy the wight!
Qazlal accepts your kill.
A wight comes into view. It is wielding a +0 war axe.
Items here: )) [[.
You barely miss the wight. You block the wight's attack.
The wight hits you with a +0 war axe!
* * * LOW HITPOINT WARNING * * *
You hit the wight but do no damage. You barely miss the wight.
The wight barely misses you.
A wight comes into view. It is wielding a +0 morningstar.
You hit the wight.
The wight is lightly damaged.
The wight hits you with a +0 war axe!
You die...

#... ..######### #..#
#.z{{{....# #..#
######{##.#####..#
##.#.#.##.....######.
##.###..z....z........
###.##
##.##.###.###### ...##
##.#.# #)# ###.# ##.#
#@# #.# #.# #z# #?#
#.# #.# #.# ...,..# ##
.# ### {


You could see 2 wights.

Vanquished Creatures
  A black bear (D:5)
  An ice beast (D:5)
  A centaur (D:5)
  5 wights (D:6)
  A howler monkey (D:4)
  A bombardier beetle (D:5)
  A hound (D:6)
  A jelly (D:6)
  5 iguanas
  A sleepcap (D:4)
  An orc wizard (D:4)
  5 adders
  4 ufetubi
  3 ribbon worms
  4 dart slugs
  7 orcs
  18 bats
  7 endoplasms
  4 giant cockroaches
  9 goblins
  8 hobgoblins
  6 quokkas
  9 ball pythons
  8 frilled lizards
  8 kobolds
  10 rats
129 creatures vanquished.

Notes
Turn   | Place    | Note
-------+----------+-------------------------------------------
     0 | D:1      | Cheops the Formicid Fighter began the quest for the Orb.
     0 | D:1      | Reached XP level 1. HP: 18/18 MP: 1/1
   110 | D:1      | Reached XP level 2. HP: 24/24 MP: 2/2
   339 | D:1      | Reached skill level 3 in Polearms
   563 | D:1      | Reached XP level 3. HP: 29/29 MP: 3/3
  1185 | D:2      | Reached skill level 4 in Polearms
  1185 | D:2      | Reached XP level 4. HP: 30/35 MP: 4/4
  1621 | D:2      | Got the Quarto of Spellbinding Leadership
  2166 | D:1      | You fall into a shaft and drop 1 floor!
  2421 | D:3      | Reached XP level 5. HP: 41/41 MP: 5/5
  2588 | D:3      | Reached skill level 5 in Polearms
  3159 | D:4      | Found a staircase to the Ecumenical Temple.
  3168 | Temple   | Entered the Ecumenical Temple
  3197 | Temple   | Became a worshipper of Qazlal Stormbringer
  3359 | D:4      | Reached skill level 6 in Polearms
  3359 | D:4      | Reached XP level 6. HP: 47/47 MP: 6/6
  3677 | D:4      | Found an opulent altar of Gozag.
  4044 | D:5      | Entered Level 5 of the Dungeon
  4315 | D:5      | Reached skill level 7 in Polearms
  4315 | D:5      | Reached XP level 7. HP: 43/52 MP: 7/7
  4421 | D:5      | Reached skill level 8 in Polearms
  4470 | D:5      | Reached * piety under Qazlal
  5150 | D:6      | Reached XP level 8. HP: 49/58 MP: 8/8
  5173 | D:6      | Reached skill level 9 in Polearms
  5284 | D:6      | Mangled by a wight

Illustrated notes

Levels and vault maps discovered:
D:1:      minmay_arrival_four_loops, layout_basic
D:2:      layout_basic, serial_bayou, serial_bayou_pond_e,
          serial_bayou_lagoon_a, serial_bayou_pond_b, serial_bayou_pond_e,
          serial_bayou_shore_a, minmay_statues_item, minmay_rat_gold_closets
D:3:      layout_basic, st_stairs_8
D:4:      layout_basic, nicolae_gozag_cash_rules_everything_around_me,
          minmay_temple_entry_water_ring, nicolae_figureground_sparkle
D:5:      layout_loops_cross, roderic_batcave, chequers_hall_statues_y,
          kennysheep_nondescript
D:6:      layout_loops_ring, fedhas_altar_4,
          lightli_ossuary_entry_decrepit_ruins, uniq_pikel, uniq_sigmund
Temple:   eino_temple_lava

Skill      XL: |  1  2  3  4  5  6  7  8 |
---------------+-------------------------+-----
Polearms       | 3 4 6 7 8 9 |  9.5
Fighting       | |  3.2
Armour         | |  3.2
Shields        | |  4.0

Action                     |  1- 3 |  4- 6 |  7- 9 || total
---------------------------+-------+-------+-------++-------
  Melee: Trident           |   119 |   207 |   148 ||   474
Ability: Shaft Self        |       |     1 |       ||     1
    Use: Scroll            |       |       |     4 ||     4
 Armour: Scale mail        |    55 |    84 |    98 ||   237
  Dodge: Dodged            |    43 |    73 |    54 ||   170
  Block: Buckler           |    20 |    34 |       ||    54
         Kite shield       |       |    15 |   104 ||   119
